 Dungeon Sprint DCSS version 0.27-a0-216-g1fbed8a51c (webtiles) character file.

Game seed: 17088183277782911975

99 mhtbhm the Insei (level 4, -10/33 HPs)
             Began as an Octopode Transmuter on Jan 31, 2021.
             Mangled by a water elemental (12 damage)
             ... in the Dungeon (Sprint III: "The Ten Rune Challenge").
             The game lasted 00:01:08 (455 turns).

mhtbhm the Insei (Octopode Transmuter)               Turns: 455, Time: 00:01:08

Health: -10/33     AC:  5    Str: 10    XL:     4   Next: 72%
Magic:  7/10       EV: 11    Int: 15    God:
Gold:   36         SH:  0    Dex: 12    Spells: 1/11 levels left

rFire    x . .     SeeInvis .     - Unarmed
rCold    + + +     Faith    .   (shield currently unavailable)
rNeg     . . .     Spirit   .   (helmet currently unavailable)
rPois    +         Reflect  .   (no amulet)
rElec    .         Harm     .   (no ring)
rCorr    .         Rampage  .   (no ring)
Will     .....     Clarity  +   (no ring) Stlth +.........NoTele +
                                (no ring)
HPRegen  0.11/turn              (no ring)
MPRegen  0.12/turn              (no ring)
                                (no ring)
                                (no ring)

@: ice-form
A: large, almost no armour, stealthy swim, amphibious, 8 rings, (constrict 8),
clarity
a: End Transformation


You were in the Dungeon.
You were a creature of crystalline ice.
You visited 1 branch You collected 36 gold pieces.

Inventory:

Scrolls
 a - a scroll of holy word {unknown}
 b - a scroll of enchant armour {unknown}
 g - 2 scrolls of blinking
 h - a scroll of immolation {unknown}
 i - 2 scrolls of identify
 j - a scroll of remove curse {unknown}
Potions
 c - a potion of lignification {unknown}
 d - a potion of haste
 e - 2 potions of magic
 f - 2 potions of berserk rage
 k - 2 potions of flight
 l - 2 potions of mutation


   Skills:
 + Level 1.2 Fighting
 + Level 3.6 Dodging
 + Level 6.9 Unarmed Combat
 + Level 4.2 Spellcasting
 + Level 3.8 Transmutations


You had one spell level left.
You knew the following spells:

 Your Spells              Type           Power        Failure   Level
a - Beastly Appendage     Tmut           28%          3%          1
b - Wereblood             Tmut           14%          5%          2
c - Spider Form           Tmut/Pois      4%           24%         3
d - Ice Form              Ice/Tmut       8%           63%         4

Your spell library contained the following spells:

 Spells                   Type           Power        Failure   Level
 Blade Hands              Tmut           7%           69%         5


Dungeon Overview and Level Annotations

Branches:
Dungeon (1/1)

Altars:


Innate Abilities, Weirdness & Mutations

You cannot wear most types of armour.
You are very stealthy in the water. (Stealth+)
You are amphibious.
You can wear up to eight rings at the same time.
((You can use your tentacles to constrict eight enemies at once.))
((Your skin changes colour to match your surroundings (Stealth+).))
((Your rubbery body absorbs attacks. (AC +1, EV +1)))
((You are partially covered in slimy green scales. (AC +2)))
You possess an exceptional clarity of mind.


Message History

You are too injured to fight recklessly!
You are too injured to fight recklessly!
You are too injured to fight recklessly!
You are too injured to fight recklessly!
You hit the water elemental. You freeze the water elemental.
The water elemental is heavily damaged.
You slip free of the water engulfing you.
The water engulfing you falls away.
You hit the water elemental. You freeze the water elemental.
The water elemental is heavily damaged.
The water elemental hits you!
* * * LOW HITPOINT WARNING * * *
The water elemental engulfs you in water!
You slip free of the water engulfing you.
The water engulfing you falls away.
Okay, then.
You hit the water elemental. You freeze the water elemental.
The water elemental is severely damaged.
The water elemental hits you!
You die...

▓▓▓▓▓▓▓▓▓ ▓▓▓ ▓<..#...####
##.# ▓...#......#####..#
▓..##....†..#..#..#
▓##.##.##...#..#..###+#+##
##.##.###..##'#..#.......
▓#.####.##..###.YE'.⌠.....
▓.###..##..####...#...####
▓#..†..##..###....#.⌠.#
###..##)..##.....#...#
##..##....#......#+###
#..###..##.#.....# #..#
#..#####....# ▓▓▓▓ ▓▓▓▓
▓▓▓▓▓▓


You could see a water elemental.

Vanquished Creatures
  A scorpion (D)
  Jessica (D)
  A human (D)
  An ooze (D)
  2 rats (D)
6 creatures vanquished.

Vanquished Creatures (others)
  3 plants (D)
3 creatures vanquished.

Grand Total: 9 creatures vanquished

Notes
Turn   | Place    | Note
-------+----------+-------------------------------------------
     0 | D        | mhtbhm the Octopode Transmuter began the quest for the Orb.
     0 | D        | Reached XP level 1. HP: 13/13 MP: 3/3
    43 | D        | Reached skill level 4 in Unarmed Combat
    45 | D        | Noticed Jessica
    58 | D        | Killed Jessica
    59 | D        | Reached skill level 5 in Unarmed Combat
    59 | D        | Reached XP level 2. HP: 11/18 MP: 3/6
    59 | D        | Reached XP level 3. HP: 14/23 MP: 3/7
   198 | D        | Learned a level 2 spell: Wereblood
   202 | D        | Learned a level 3 spell: Spider Form
   206 | D        | Noticed a scorpion
   211 | D        | Killed a scorpion
   212 | D        | Reached skill level 6 in Unarmed Combat
   212 | D        | Reached XP level 4. HP: 13/28 MP: 2/10
   252 | D        | Gained mutation: You are robust. (+10% HP) [potion of
                  | mutation]
   252 | D        | Gained mutation: Your spells are a little harder to cast,
                  | but a little more powerful. [potion of mutation]
   255 | D        | Lost mutation: Your spells are a little harder to cast, but
                  | a little more powerful. [potion of mutation]
   255 | D        | Lost mutation: You are robust. (+10% HP) [potion of
                  | mutation]
   255 | D        | Gained mutation: You are partially covered in slimy green
                  | scales. (AC +2) [potion of mutation]
   255 | D        | Gained mutation: You possess an exceptional clarity of
                  | mind. [potion of mutation]
   444 | D        | Learned a level 4 spell: Ice Form
   445 | D        | Noticed a water elemental
   453 | D        | HP: 1/33 [water elemental (11)]
   455 | D        | Mangled by a water elemental

Illustrated notes

Levels and vault maps discovered:
D:        dungeon_sprint_mu [sprint_mu_entry_cave, sprint_mu_temple_rooms,
          sprint_mu_d1_spiders, sprint_mu_d2_genie, sprint_mu_d3_branching,
          sprint_mu_orc_legion, sprint_mu_elf_gauntlet, sprint_mu_hive_nellie,
          sprint_mu_lair_fedhas, sprint_mu_vaults_butterflies,
          sprint_mu_slime_circle, sprint_mu_swamp_cave, sprint_mu_shoals_archi,
          sprint_mu_blade_basic, sprint_mu_crypt_fortress,
          sprint_mu_tomb_spiral, sprint_mu_vestibule_basic,
          sprint_mu_gehenna_hellfire, sprint_mu_dis_giant,
          sprint_mu_tartarus_statrot, sprint_mu_cocytus_islands, sprint_mu_zot1]

Skill      XL: |  1  2  3 |
---------------+----------+-----
Unarmed Combat | 5 6 |  6.9
Spellcasting   | 3 4 |  4.2
Dodging        | 3 |  3.6
Transmutations | 3 |  3.8
Fighting       | |  1.2

Action                   |  1- 3 |  4- 6 || total
-------------------------+-------+-------++-------
Melee: Unarmed           |    15 |    13 ||    28
       Tentacles         |     5 |       ||     5
       Constrict         |     2 |       ||     2
       Kick              |     1 |       ||     1
       Punch             |     1 |       ||     1
 Cast: Beastly Appendage |     2 |       ||     2
       Spider Form       |     1 |       ||     1
       Wereblood         |     1 |       ||     1
       Ice Form          |       |     1 ||     1
  Use: Potion            |     2 |     3 ||     5
Armor: Skin              |     2 |       ||     2
Dodge: Dodged            |     7 |     7 ||    14

Table legend: (Time is in decaauts)
 A = Elapsed time spent in this place.
 B = Non-inter-level travel time spent in this place.
 C = Inter-level travel time spent in this place.
 D = Time resting spent in this place.
 E = Time spent auto-exploring this place.
 F = Levels seen in this place.
 G = Mean time per level.
                   A        B        C        D        E       F      G
               +--------+--------+--------+--------+--------+-----+--------+
         Total |    452 |    447 |      5 |    310 |     18 |   1 |  452.0 |
       Dungeon |    452 |    447 |      5 |    310 |     18 |   1 |  452.0 |
               +--------+--------+--------+--------+--------+-----+--------+

Top non-repeatable levels by time:
       D: 452 daAuts
